 Dungeon Crawl Stone Soup version 0.29.0-4-gdea44cf6ec (webtiles) character file.

Game seed: 12070452964879024446

912 ProzacElf the Cleaver (level 7, -2/57 HPs)
             Began as a Minotaur Cinder Acolyte on Aug 27, 2022.
             Was a High Priest of Ignis.
             Slain by a lemure (8 damage)
             ... led by Pikel
             ... on level 5 of the Dungeon.
             The game lasted 00:08:45 (5024 turns).

ProzacElf the Cleaver (Minotaur Cinder Acolyte)     Turns: 5024, Time: 00:08:46

Health: -2/57      AC: 10    Str: 25    XL:     7   Next: 82%
Magic:  7/7        EV:  9    Int: 11    God:    Ignis [*****.]
Gold:   275        SH:  5    Dex:  7    Spells: 8/8 levels left

rFire   + . .      SeeInvis .   a - +1 war axe (flame)
rCold   + . .      Faith    .   (no shield)
rNeg    . . .      Spirit   .   p - +0 chain mail
rPois   .          Reflect  +   (helmet restricted)
rElec   .          Harm     .   (no cloak)
rCorr   .          Rampage  .   (no gloves)
Will    .....                   u - +1 pair of boots
Stlth   ..........              y - amulet of reflection
HPRegen 0.19/turn               F - +6 ring of strength
MPRegen 0.10/turn               x - ring of protection from cold

@: mighty
A: horns 2, retaliatory headbutt
a: Renounce Religion, Fiery Armour, Foxfire Swarm, Rising Flame


You were on level 5 of the Dungeon.
You worshipped Ignis.
Ignis was extremely pleased with you.
You visited 2 branches of the dungeon, and saw 6 of its levels.
You also visited: Sewer.

You collected 275 gold pieces.

Inventory:

Hand Weapons
 a - a +1 war axe of flaming (weapon)
 l - a -1 hand axe of flaming
Missiles
 r - 12 poisoned darts (quivered)
Armour
 b - a +0 robe
 p - a +0 chain mail (worn)
 u - a +1 pair of boots (worn)
Jewellery
 e - a ring of positive energy
 j - a +6 ring of intelligence
 t - a ring of ice
 x - a ring of protection from cold (right hand)
 y - an amulet of reflection (around neck)
 F - a +6 ring of strength (left hand)
Wands
 s - a wand of digging (7)
 D - a wand of mindburst (19)
 E - a wand of flame (19)
Scrolls
 c - a scroll of magic mapping {unknown}
 f - a scroll of fear {unknown}
 h - a scroll of amnesia {unknown}
 k - 3 scrolls of enchant armour
 o - a scroll of poison {unknown}
 q - a scroll of enchant weapon {unknown}
 v - 3 scrolls of butterflies {unknown}
 B - a scroll of teleportation {unknown}
 C - a scroll of vulnerability {unknown}
Potions
 d - a potion of flight
 g - 3 potions of curing
 i - a potion of heal wounds
 m - a potion of lignification
 n - a potion of brilliance
 w - a potion of cancellation
 z - a potion of might
 A - 2 potions of magic


   Skills:
 - Level 3.6 Fighting
 + Level 8.5 Axes
 - Level 5.0 Dodging
 - Level 1.0 Spellcasting
 - Level 2.1 Fire Magic
 + Level 3.4 Evocations


You had 8 spell levels left.
You didn't know any spells.
Your spell library contained the following spells:

 Spells                   Type           Power      Damage    Failure   Level
 Scorch                   Fire           10%        2d5       83%         2
 Magic Dart               Conj           0%         1d3       94%         1
 Searing Ray              Conj           0%         2d4       98%         2
 Static Discharge         Conj/Air       0%         3-3/arc   98%         2
 Sublimation of Blood     Necr           0%         N/A       98%         2
 Fulminant Prism          Conj/Hex       0%         3d6       100%        4
 Petrify                  Tmut/Erth      0%         N/A       100%        4
 Irradiate                Conj/Tmut      0%         3d11      100%        5
 Iskenderun's Battlesphe  Conj           0%         2d6       100%        5
 Lightning Bolt           Conj/Air       0%         1d11      100%        5
 Iron Shot                Conj/Erth      0%         9d1       100%        6
 Spellforged Servitor     Conj/Summ      0%         N/A       100%        7
 Maxwell's Capacitive Co  Air            0%         ∞         100%        8


Dungeon Overview and Level Annotations

Branches:
Dungeon (5/15)             Temple (1/1) D:5           Sewer (visited)

Altars:
Ashenzari
Cheibriados
Dithmenos
Elyvilon
Fedhas
Gozag
Hepliaklqana
Kikubaaqudgha
Nemelex Xobeh
Okawaru
Qazlal
Ru
Sif Muna
Trog
Uskayaw
Vehumet
Wu Jian
Xom
Yredelemnul
Zin
The Shining One

Annotations:
D:3 2 transporters, turdburglar's ghost, amateur TrFi
D:5 Pikel


Innate Abilities, Weirdness & Mutations

You have a pair of horns on your head.
You reflexively headbutt those who attack you in melee.


Message History

Ye slash tha hound!
Ye burn tha hound.
Tha hound be almost dead.
Tha hound barely misses ye.
Ye slash tha hound!
Ye burn tha hound.
Ye kill tha hound!
Nay target in view!
Nay target in view!
v - 3 scrolls labelled ZOASAR DETENIX (gain'd 1)
Found a mace.
Ye now haf 275 gold pieces (gain'd 12).
g - 3 potions o' curin' (gain'd 1) Thar be a stone staircase leadin' up 'ere.
Pikel, Merchant o' Souls comes inta view. 'e be wieldin' a +2 whip o' freezin' an' carryin' a wand o' charmin' (8).
Pikel shouts! 2 lemures come inta view.
Tha lemure shouts! x2; Ye hear a shout!
A lemure comes inta view. x2
Tha lemure shouts!
Found a twisted run'd staff.
Pikel drinks a potion.
Pikel goes berserk!
Ye hit Pikel.
Ye burn Pikel.
Yer headbutt misses Pikel.
Pikel be lightly wounded.
Pikel closely misses ye.
Ye furiously retaliate!
Ye headbutt Pikel.
Pikel hits ye wit' a +2 whip o' freezin'!
Ye take 7 damage, an' haf 50/57 hp.
Ye feel very mighty all o' a sudd'n.
Pikel hits ye wit' a +2 whip o' freezin'!
Pikel freezes ye.
Ye take 13 damage, an' haf 37/57 hp.
MASSIVE DAMAGE!!
Ye slash Pikel!
Ye burn Pikel.
Yer headbutt misses Pikel.
Pikel be moderately wounded.
Pikel hits ye wit' a +2 whip o' freezin'!
Pikel freezes ye.
Pikel hits ye wit' a +2 whip o' freezin'!
* * * LOW HITPOINT WARNIN'
* * * Pikel freezes ye.
* * * LOW HITPOINT WARNIN'
* * * Ye take 31 damage, an' haf 6/57 hp.
MASSIVE DAMAGE!!
Okay, than.
Tha lemure hits ye!
Ye die...

.........# #....#...###
.........# #..#.#..[.
|........#### #.....##..
^...........####.#.#..##.
......###5......#....###
....5#⌠#.......##.#.###
#.###5# .......÷..#.
#.K.5.#####.###.....
##.@...........<##..
###..<............#
#.................
#.................
#..............#..
#.................
#.................
#.................
##.#...............


You could see Pikel (berserk) and 4 lemures.

Vanquished Creatures
  A water moccasin (Sewer)
  A black bear (D:4)
  2 necrophages
  A scorpion (D:5)
  2 vampire bats (D:5)
  3 hounds
  An orc priest (D:4)
  A jelly (D:4)
  5 iguanas
  4 adders
  A river rat (D:4)
  An ufetubus (D:4)
  A worm (D:4)
  3 dart slugs
  15 orcs
  9 ball pythons
  3 bats
  2 bat skeletons (D:5)
  3 bat zombies (D:5)
  4 endoplasms
  8 giant cockroaches
  3 goblins
  7 hobgoblins
  14 jackals
  4 kobolds
  5 quokkas
  12 frilled lizards
  8 rats
124 creatures vanquished.

Vanquished Creatures (others)
  8 plants (D:2)
8 creatures vanquished.

Grand Total: 132 creatures vanquished

Notes
Turn   | Place    | Note
-------+----------+-------------------------------------------
     0 | D:1      | ProzacElf the Minotaur Cinder Acolyte began the quest for
                  | the Orb.
     0 | D:1      | Reached XP level 1. HP: 19/19 MP: 1/1
   336 | D:1      | Reached skill level 1 in Dodging
   357 | D:1      | Reached skill level 4 in Axes
   399 | D:1      | Reached XP level 2. HP: 19/26 MP: 2/2
  1102 | D:2      | Reached XP level 3. HP: 26/31 MP: 3/3
  1170 | D:2      | Found a faded altar of an unknown god.
  1260 | D:2      | Found a snail-covered altar of Cheibriados.
  1932 | D:3      | Reached XP level 4. HP: 39/39 MP: 4/4
  2054 | D:3      | Reached skill level 5 in Axes
  2312 | D:3      | Noticed turdburglar's ghost (amateur TrFi)
  2313 | D:3      | Found a transporter.
  2342 | D:3      | Found a transporter.
  2945 | D:4      | Reached XP level 5. HP: 45/45 MP: 5/5
  2983 | D:4      | Found a glowing drain.
  3001 | Sewer    | Entered a sewer
  3178 | Sewer    | Noticed a water moccasin
  3199 | Sewer    | Killed a water moccasin
  3200 | Sewer    | Reached skill level 6 in Axes
  3200 | Sewer    | Reached XP level 6. HP: 20/51 MP: 6/6
  3794 | D:4      | Reached skill level 5 in Dodging
  3799 | D:4      | Reached skill level 7 in Axes
  4113 | D:5      | Entered Level 5 of the Dungeon
  4113 | D:5      | Found a staircase to the Ecumenical Temple.
  4129 | D:4      | Reached skill level 1 in Evocations
  4135 | D:4      | Reached XP level 7. HP: 46/57 MP: 7/7
  4213 | Temple   | Entered the Ecumenical Temple
  4791 | D:5      | Found an ancient bone altar of Kikubaaqudgha.
  4797 | D:5      | Reached skill level 8 in Axes
  5015 | D:5      | Noticed Pikel
  5024 | D:5      | Slain by a lemure

Illustrated notes

Levels and vault maps discovered:
D:1:      dpeg_arrival_orchard, layout_loops_ring
D:2:      layout_loops_cross, shapermc_ecumenical_altar_mp_highgroup,
          basic_altar, chequers_serial_rivers_small_3, minmay_misc_feat_iff,
          minmay_lizard_king
D:3:      layout_rooms, gammafunk_ghost_stat_death
D:4:      minmay_chambers_of_twos, layout_basic, portal_sewer_entry_b
D:5:      layout_rooms, kennysheep_vampire_church, minmay_temple_entry_wispy,
          feat_on_display, uniq_pikel
Temple:   mainiacjoe_temple_cubbyholes

Skill      XL: |  1  2  3  4  5  6  7 |
---------------+----------------------+-----
Dodging        | 1 2 3 4 5 |  5.0
Axes           | 4 5 6 7 8 |  8.5
Evocations     | 1 3 |  3.4
Fighting       | |  3.6
Spellcasting   | |  1.0
Fire Magic     | |  2.1

Action                   |  1- 3 |  4- 6 |  7- 9 || total
-------------------------+-------+-------+-------++-------
Melee: Hand axe          |    24 |       |       ||    24
       Headbutt          |     5 |    14 |    11 ||    30
       War axe           |    75 |   139 |    43 ||   257
       Punch             |     1 |       |       ||     1
  Use: Potion            |       |     6 |     1 ||     7
       Scroll            |       |     4 |     2 ||     6
Armor: Robe              |     7 |       |       ||     7
       Chain mail        |    22 |    81 |    24 ||   127
Dodge: Dodged            |    53 |    59 |    24 ||   136
Block: Other             |       |    25 |    12 ||    37
